 Dungeon Crawl Stone Soup version 0.29.1-13-g9f3cf754e1 (webtiles) character file.

Game seed: 11376223967271560550

2 croobank the Sneak (level 1, -5/16 HPs)
             Began as an Octopode Delver on Feb 11, 2023.
             Was an Initiate of Hepliaklqana.
             Slain by an iguana (14 damage)
             ... on level 5 of the Dungeon.
             The game lasted 00:03:13 (241 turns).

croobank the Sneak (Octopode Delver)                 Turns: 241, Time: 00:03:14

Health: -5/16      AC:  1    Str: 11    XL:     1   Next: 30%
Magic:  1/1        EV: 13    Int: 12    God:    Hepliaklqana [......]
Gold:   33         SH:  0    Dex: 13    Spells: 0/0 levels left

rFire   . . .      SeeInvis .   a - +0 hand axe
rCold   . . .      Faith    .   (no shield)
rNeg    . . .      Spirit   .   (helmet restricted)
rPois   .          Reflect  .   (no amulet)
rElec   .          Harm     .   (no ring)
rCorr   .          Rampage  .   (no ring)
Will    .....                   (no ring)
Stlth   ++++......              (no ring)
HPRegen 0.05/turn               (no ring)
MPRegen 0.07/turn               (no ring)
                                (no ring)
                                (no ring)

@: no status effects
A: almost no armour, amphibious, 8 rings, camouflage 1, gelatinous body 1,
(nimble swimmer 1), tentacles
a: Renounce Religion


You were on level 5 of the Dungeon.
You worshipped Hepliaklqana.
Hepliaklqana was noncommittal.
You visited 1 branch of the dungeon, and saw 3 of its levels.

You collected 33 gold pieces.

Inventory:

Hand Weapons
 a - a +0 hand axe (weapon)
 h - a +1 antimagic spear
 i - a +0 quarterstaff
Wands
 f - a wand of digging (2)
Scrolls
 b - a scroll of fog
 g - a scroll of teleportation {unknown}
Potions
 c - 2 potions of degeneration {unknown}
 e - a potion of haste
 j - a potion of curing {unknown}


   Skills:
 + Level 3.0 Fighting
 + Level 2.0 Axes
 + Level 2.0 Dodging
 + Level 6.6 Stealth


You couldn't memorise any spells.
You didn't know any spells.
Your spell library contained the following spells:

 Spells                   Type           Power      Damage    Failure   Level
 Static Discharge         Conj/Air       0%         3-3/arc   45%         2
 Lightning Bolt           Conj/Air       0%         1d11      100%        5
 Maxwell's Capacitive Co  Air            0%         ∞         100%        8


Dungeon Overview and Level Annotations

Branches:
Dungeon (6/15)             Temple (0/1) D:4

Altars:
Hepliaklqana
Okawaru

Annotations:
D:4 Blork the orc


Innate Abilities, Weirdness & Mutations

You cannot wear most types of armour.
You are amphibious.
You can wear up to eight rings at the same time.
Your skin changes colour to match your surroundings (Stealth+).
Your rubbery body absorbs attacks. (AC +1, EV +1)
((You are camouflaged when in or above water. (Stealth+)))
You have tentacles for arms and can constrict up to eight enemies at once.


Message History

Found a robe.
The orc attacks as you move away! The orc closely misses you.
The orc attacks as you move away! The orc hits you with a +0 war axe.
There is a stone staircase leading down here.
The orc hits you but does no damage.
You climb downwards.
Reactivating autopickup.
Found a quarterstaff.
There is a stone staircase leading up here.
You hit the orc but do no damage. You grab the orc. You constrict the orc.
The orc barely misses you.
You hit the orc.
The orc is heavily wounded.
You constrict the orc. The orc closely misses you.
You hit the orc.
You kill the orc!
You start resting.
A hound comes into view.
Found 2 viscous black potions.
c - 2 viscous black potions
Okay, then.
Unknown command.
Found a mace.
You see here a +0 mace.
Found an escape hatch in the ceiling.
An iguana comes into view.
Found a stone staircase leading up.
A howler monkey comes into view.
Found 18 gold pieces.
Found 13 gold pieces.
The iguana closely misses you.
There is a stone staircase leading up here.
You hit the iguana but do no damage. Your grab misses the iguana.
The iguana bites you.
You hit the iguana but do no damage. You grab the iguana.
You squeeze the iguana!
The iguana is heavily wounded.
You constrict the iguana, but do no damage.
The iguana bites you!
Ouch! That really hurt!
You die...

##.......#.+ ._. $.###
###..#....# ### ...$.
.........# ###
.....####.#.......######
#................#....W..
................####.###.
.###.........#.... #.# ##
..#h.............. #.# # h
..........@.#....#.......## .#
........l..#............## .#
#.#.........#............## #.#
#.#..<......#.h.#.......... ..
#.##.......#.............## .
#.#...........#.#........#. #
#...........#.#.#.......... #
..###........$....#.#........##
#
..................#.#........##


You could see a howler monkey (asleep) and an iguana.

Vanquished Creatures
  An orc (D:5)
1 creature vanquished.

Notes
Turn   | Place    | Note
-------+----------+-------------------------------------------
     0 | D:5      | croobank the Octopode Delver began the quest for the Orb.
     0 | D:5      | Reached XP level 1. HP: 16/16 MP: 1/1
     1 | D:6      | Noticed a black bear
    11 | D:5      | Noticed a hound
    18 | D:6      | Noticed an iguana
    45 | D:5      | Found a hazy altar of Hepliaklqana.
    53 | D:5      | Became a worshipper of Hepliaklqana the Forgotten
    80 | D:5      | Noticed a phantom
    85 | D:5      | Found an iron altar of Okawaru.
   108 | D:4      | Noticed a black bear
   118 | D:4      | Noticed Blork the orc
   152 | D:4      | Noticed an orc priest
   153 | D:4      | Noticed an orc priest
   154 | D:4      | Noticed an orc wizard
   195 | D:5      | Noticed a hound
   230 | D:5      | Noticed an iguana
   233 | D:5      | Noticed a howler monkey
   241 | D:5      | Slain by an iguana

Illustrated notes

Levels and vault maps discovered:
D:4:      layout_loops_ring, yredelemnul_forgotten_temple_becter,
          nicolae_overflow_hidden_temple, minmay_temple_entry_butterflies,
          uniq_blork_the_orc
D:5:      layout_rooms, mainiacjoe_overflow_paths, lemuel_doored_altar,
          serial_corexii_hall, corexii_hall_statues_u, corexii_hall_statues_s,
          chequers_hall_statues_y, chequers_hall_statues_wall_a, st_stairs_7,
          minmay_circle_x
D:6:      layout_basic, mainiacjoe_overflow_boulevard, minmay_misc_feat_pillars,
          minmay_misc_feat_iff, columned_hall_lemuel,
          nicolae_elevator_lobby_asterisk

Action                   || total
-------------------------++-------
Melee: Hand axe          ||     5
       Constrict         ||     2
       Tentacles         ||     1
Evoke: Wand              ||     1
  Use: Scroll            ||     2
Armor: Skin              ||     1
Dodge: Dodged            ||     6
